 Dungeon Crawl Stone Soup version 0.29.1-15-g9cfb28693d (webtiles) character file.

Game seed: 15965443610336506505

1512 Gabide the Skirmisher (level 8, -3/48 HPs)
             Began as a Deep Elf Hunter on Mar 25, 2023.
             Killed from afar by an orc wizard (10 damage)
             ... with a puff of flame
             ... on level 5 of the Dungeon.
             The game lasted 00:09:56 (6139 turns).

Gabide the Skirmisher (Deep Elf Hunter)             Turns: 6139, Time: 00:09:57

Health: -3/48      AC:  4    Str:  8    XL:     8   Next: 53%
Magic:  10/10      EV: 15    Int: 15    God:
Gold:   289        SH:  0    Dex: 20    Spells: 7/7 levels left

rFire   . . .      SeeInvis +   a - +0 shortbow
rCold   . . .      Faith    .   (shield currently unavailable)
rNeg    . . .      Spirit   .   c - +1 leather armour
rPois   .          Reflect  .   (no helmet)
rElec   .          Harm     .   (no cloak)
rCorr   .          Rampage  .   (no gloves)
Will    .....                   (no boots)
Stlth   ++........              (no amulet)
HPRegen 0.16/turn               k - ring of flight
MPRegen 0.12/turn               p - ring of see invisible

@: flying
A: no striking features
a: no special abilities


You were on level 5 of the Dungeon.
You visited 1 branch of the dungeon, and saw 5 of its levels.

You collected 289 gold pieces.

Inventory:

Hand Weapons
 a - a +0 shortbow (weapon)
Armour
 c - a +1 leather armour (worn)
 i - a +2 buckler
Jewellery
 k - a ring of flight (left hand)
 p - a ring of see invisible (right hand)
Wands
 s - a wand of polymorph (8)
 u - a wand of charming (11)
Scrolls
 b - 2 scrolls of immolation
 g - a scroll of fear
 h - a scroll of amnesia
 n - a scroll of magic mapping
 q - 2 scrolls of poison
 t - a scroll of blinking
Potions
 d - a potion of lignification
 e - 4 potions of mutation
 f - 3 potions of curing
 j - 2 potions of cancellation
 l - 2 potions of might
 m - 2 potions of flight
 o - a potion of haste {unknown}
 r - a potion of brilliance {unknown}


   Skills:
 + Level 4.6 Fighting
 * Level 11.2 Ranged Weapons
 + Level 6.8 Dodging
 - Level 1.2 Stealth


You had 7 spell levels left.
You didn't know any spells.
Your spell library contained the following spells:

 Spells                   Type           Power      Damage    Failure   Level
 Static Discharge         Conj/Air       0%         3-3/arc   52%         2
 Dispel Undead            Necr           0%         3d6       98%         4
 Sticky Flame             Conj/Fire      0%         2d3       98%         4


Dungeon Overview and Level Annotations

Branches:
Dungeon (5/15)             Temple (0/1) D:4

Altars:
Cheibriados
Elyvilon
Kikubaaqudgha
Vehumet
Wu Jian
Yredelemnul


Message History

Beogh smites you! The hound closely misses you.
You are too injured to fight recklessly!
You are too injured to fight recklessly!
You are too injured to fight recklessly!
You are too injured to fight recklessly!
You are too injured to fight recklessly!
You are too injured to fight recklessly!
You are too injured to fight recklessly!
You are too injured to fight recklessly!
You are too injured to fight recklessly!
You are too injured to fight recklessly!
You are too injured to fight recklessly!
You are too injured to fight recklessly!
You are too injured to fight recklessly!
You are too injured to fight recklessly!
You are too injured to fight recklessly!
You are too injured to fight recklessly!
You are too injured to fight recklessly!
You are too injured to fight recklessly!
Unknown command.
Okay, then.
Really read the scroll of poison?
Okay, then.
The hound attacks as you move away! The hound bites you.
The hound closely misses you.
Okay, then.
The hound bites you. The hound closely misses you.
The hound attacks as you move away! The hound bites you. The hound bites you.
* * * LOW HITPOINT WARNING * * *
The orc wizard gestures at you while chanting.
The magic dart hits you.
* * * LOW HITPOINT WARNING * * *
There is an escape hatch in the ceiling here.
The hound bites you.
* * * LOW HITPOINT WARNING * * *
The orc wizard casts a spell at you. The puff of flame hits you!
You die...

##).# #..## ##..#
##.o### ##.....###
##........##
##.......o..#
##......>....##
##...........h@#
##..............#
##................#
.)................#
)###..............#
.).##.............#
....#.............#
....#.............#
_...+.......


You could see a hound and 2 orc wizards.

Vanquished Creatures
  Pikel (D:4)
  Menkaure (D:4)
  A black bear (D:4)
  A centaur (D:5)
  3 lemures
  A necrophage (D:5)
  A gnoll sergeant (D:4)
  2 scorpions (D:4)
  A hound (D:5)
  2 orc priests
  A jelly (D:5)
  Jessica (D:2)
  A gnoll bouda (D:5)
  Natasha (thrice) (D:4)
  2 orc wizards (D:5)
  11 gnolls
  3 adders (D:2)
  A white imp (D:5)
  An ufetubus (D:4)
  A worm (D:4)
  2 dart slugs (D:1)
  16 orcs
  8 endoplasms
  5 giant cockroaches
  8 goblins
  6 hobgoblins
  2 jackals
  5 quokkas
  11 ball pythons
  5 bats
  A frilled lizard (D:2)
  5 kobolds
  10 rats
123 creatures vanquished.

Notes
Turn   | Place    | Note
-------+----------+-------------------------------------------
     0 | D:1      | Gabide the Deep Elf Hunter began the quest for the Orb.
     0 | D:1      | Reached XP level 1. HP: 12/12 MP: 3/3
    94 | D:1      | Reached XP level 2. HP: 17/17 MP: 4/4
   693 | D:1      | Reached skill level 6 in Ranged Weapons
   706 | D:1      | Reached XP level 3. HP: 21/21 MP: 5/5
  1102 | D:2      | Found a faded altar of an unknown god.
  1574 | D:2      | Reached XP level 4. HP: 25/26 MP: 6/6
  1819 | D:2      | Noticed Jessica
  1820 | D:2      | Killed Jessica
  2079 | D:2      | Reached skill level 7 in Ranged Weapons
  2079 | D:2      | Reached XP level 5. HP: 16/31 MP: 7/7
  2880 | D:3      | Found an ancient bone altar of Kikubaaqudgha.
  3051 | D:3      | Found a white marble altar of Elyvilon.
  3110 | D:3      | Found a basalt altar of Yredelemnul.
  3217 | D:3      | Found a snail-covered altar of Cheibriados.
  3442 | D:4      | Noticed Menkaure
  3502 | D:4      | Killed Menkaure
  3503 | D:4      | Reached XP level 6. HP: 36/36 MP: 8/8
  3519 | D:4      | Reached skill level 8 in Ranged Weapons
  3781 | D:4      | Found a staircase to the Ecumenical Temple.
  3978 | D:4      | Noticed Pikel
  4563 | D:4      | Killed Pikel
  4564 | D:4      | Reached skill level 9 in Ranged Weapons
  4564 | D:4      | Reached skill level 5 in Dodging
  4564 | D:4      | Reached XP level 7. HP: 42/42 MP: 9/9
  4811 | D:4      | Noticed Eustachio
  4812 | D:4      | Noticed Eustachio
  4812 | D:4      | Eustachio changed into Eustachio the scorpion
  4818 | D:4      | Killed Eustachio the scorpion
  4851 | D:4      | Found an ornate altar of the Wu Jian Council.
  4930 | D:4      | Reached skill level 10 in Ranged Weapons
  4970 | D:4      | Reached XP level 8. HP: 48/48 MP: 10/10
  5039 | D:4      | Noticed Natasha
  5043 | D:4      | Killed Natasha
  5064 | D:4      | Noticed Natasha
  5075 | D:4      | Killed Natasha
  5114 | D:4      | Noticed Natasha
  5118 | D:4      | Killed Natasha
  5164 | D:5      | Entered Level 5 of the Dungeon
  5881 | D:5      | Found a radiant altar of Vehumet.
  5910 | D:5      | Reached skill level 11 in Ranged Weapons
  6139 | D:5      | Killed from afar by an orc wizard

Illustrated notes

Levels and vault maps discovered:
D:1:      minmay_arrival_glassed_features, layout_basic,
          minmay_misc_feat_rugged, dreamdust_wishing_well
D:2:      cheibrodos_pilgrimage, layout_basic, chequers_ecumenical_altar_simple,
          kennysheep_decorative_pillar, uniq_jessica
D:3:      layout_loops_ring, kennysheep_ying_yang, lemuel_round_altar,
          mainiacjoe_overflow_surrounded_room, bh_walls_and_bars
D:4:      layout_rooms, mainiacjoe_overflow_alcove_1, temple_pool_b,
          hangedman_abyss_or_decor_jellyfish_corner, lightli_minifort,
          uniq_menkaure, uniq_natasha, uniq_eustachio, uniq_pikel
D:5:      layout_cave_pods, mainiacjoe_overflow_catwalk,
          nicolae_vehumet_altar_sigil

Skill      XL: |  1  2  3  4  5  6  7  8 |
---------------+-------------------------+-----
Ranged Weapons | 6 7 9 10 11 | 11.2
Fighting       | 2 3 4 |  4.6
Dodging        | 3 4 5 6 |  6.8
Stealth        | |  1.2

Action                   |  1- 3 |  4- 6 |  7- 9 || total
-------------------------+-------+-------+-------++-------
Melee: Unarmed           |       |       |     2 ||     2
 Fire: Shortbow          |   122 |   181 |   189 ||   492
Evoke: Wand              |       |       |     1 ||     1
  Use: Scroll            |     7 |     5 |     2 ||    14
       Potion            |     1 |       |       ||     1
Armor: Leather armour    |     8 |    15 |     7 ||    30
Dodge: Dodged            |    39 |    50 |    50 ||   139
